 Dungeon Crawl Stone Soup version 0.21.1-1-g345015f (webtiles) character file.

5471 inc the Covert (level 10, -1/37 HPs)
             Began as a Felid Enchanter on Feb 21, 2018.
             Was an Elder of Dithmenos.
             Slain by a two-headed ogre
             ... wielding a +0 giant spiked club
              (34 damage)
             ... on level 2 of the Orcish Mines.
             The game lasted 00:45:16 (13117 turns).

inc the Covert (Felid Enchanter)                   Turns: 13117, Time: 00:45:17

Health: -1/37      AC:  2    Str:  4    XL:     10   Next: 42%
Magic:  2/25       EV: 27    Int: 20    God:    Dithmenos [****..]
Gold:   961        SH:  0    Dex: 21    Spells: 3/15 levels left
                                        Lives:  0   Deaths: 3

rFire    . . .     SeeInvis +     - Unarmed
rCold    . . .     Gourm    .   (shield unavailable)
rNeg     . . .     Faith    .   (armour unavailable)
rPois    .         Spirit   .   (helmet unavailable)
rElec    .         Reflect  .   (cloak unavailable)
rCorr    .         Harm     .   (gloves unavailable)
MR       +....                  (boots unavailable)
Stlth    +++++++++.             (no amulet)
HPRegen  1.12/turn              z - ring of magical power
MPRegen  0.19/turn              u - +4 ring of dexterity

@: regenerating (expiring), slowed, wreathed by umbra, slow
A: very small, no armour, no weapons or thrown items, stealth, claws 1, fangs 3,
see invisible, carnivore, speed 1, shaggy fur 2, slow metabolism 1, sharp paws
a: Shadow Step, Renounce Religion


You were on level 2 of the Orcish Mines.
You worshipped Dithmenos.
Dithmenos was greatly pleased with you.
You were very full.

You visited 3 branches of the dungeon, and saw 15 of its levels.

You collected 961 gold pieces.

Inventory:

Jewellery
 c - an uncursed ring of poison resistance
 u - a +4 ring of dexterity (right paw)
 z - a ring of magical power (left paw)
Wands
 i - a wand of digging (16)
 s - a wand of acid (8)
 E - a wand of iceblast (7)
 H - a wand of scattershot (4)
Scrolls
 e - 2 scrolls of amnesia {unknown}
 g - 2 scrolls of fear {unknown}
 h - 3 scrolls of blinking {unknown}
 m - 3 scrolls of remove curse {unknown}
 r - 3 scrolls of enchant weapon {unknown}
 v - a scroll of vulnerability {unknown}
 x - a scroll of holy word {unknown}
 A - 3 scrolls of enchant armour {unknown}
 B - 2 scrolls of teleportation {unknown}
 C - a scroll of magic mapping {unknown}
 D - a scroll of immolation {unknown}
 F - 2 scrolls of identify
Potions
 d - a potion of resistance
 f - 2 potions of agility
 j - 4 potions of cancellation
 k - a potion of curing {unknown}
 l - 4 potions of haste
 n - 2 potions of flight
 o - 3 potions of degeneration
 p - 2 potions of ambrosia
 q - 3 potions of magic
 t - 2 potions of heal wounds
 G - 2 potions of might {unknown}
Books
 a - a book of Maledictions

   Spells                             Type                      Level
   a - Corona                         Hexes                        1
   b - Ensorcelled Hibernation        Hexes/Ice                    2
   c - Confuse                        Hexes                        3
   d - Tukima's Dance                 Hexes                        3
   e - Dazzling Spray                 Conjuration/Hexes            3
 w - a book of Necromancy

   Spells                             Type                      Level
   a - Pain                           Necromancy                   1
   b - Animate Skeleton               Necromancy                   1
   c - Vampiric Draining              Necromancy                   3
   d - Regeneration                   Charms/Necromancy            3
   e - Animate Dead                   Necromancy                   4
   f - Borgnjor's Vile Clutch         Necromancy/Earth             5
 y - a book of Minor Magic

   Spells                             Type                      Level
   a - Magic Dart                     Conjuration                  1
   b - Blink                          Translocation                2
   c - Call Imp                       Summoning                    2
   d - Slow                           Hexes                        2
   e - Conjure Flame                  Conjuration/Fire             3
   f - Mephitic Cloud                 Conjuration/Poison/Air       3
Comestibles
 b - 19 rations


   Skills:
 - Level 9.5 Dodging
 + Level 14.9 Stealth
 - Level 7.1 Unarmed Combat
 - Level 3.4 Spellcasting
 - Level 11.2 Hexes
 - Level 4.3 Charms
 - Level 3.4 Necromancy
 - Level 3.4 Ice Magic


You had 3 spell levels left.
You knew the following spells:

 Your Spells              Type           Power        Failure   Level  Hunger
a - Corona                Hex            #####..      1%          1    None
b - Ensorcelled Hibernat  Hex/Ice        ####..       1%          2    ##.....
c - Confuse               Hex            #####...     1%          3    ###....
d - Regeneration          Chrm/Necr      ###.......   9%          3    ###....
e - Tukima's Dance        Hex            #####...     1%          3    ###....


Dungeon Overview and Level Annotations

Branches:
Dungeon (12/15)            Temple (1/1) D:5             Orc (2/2) D:11
   Lair: D:8-11         Elf: Orc:2

Altars:
Ashenzari
Cheibriados
Dithmenos
Elyvilon
Fedhas
Gozag
Hepliaklqana
Kikubaaqudgha
Makhleb
Nemelex Xobeh
Okawaru
Qazlal
Ru
Sif Muna
Trog
Uskayaw
Vehumet
Wu Jian
Xom
Yredelemnul
Zin
The Shining One

Shops:
D:5 *   Orc:2 (:*(

Portals:
Trove: D:11 (give 12 potions of heal wounds)

Annotations:
D:2 Sigmund
D:6 zhorgal's ghost, novice SpEn


Innate Abilities, Weirdness & Mutations

You cannot wear armour.
You are incapable of wielding weapons or throwing items.
Your paws allow you to move quietly. (Stealth)
You have sharp claws.
You have razor-sharp teeth.
You have supernaturally acute eyesight. (SInv)
You are carnivorous and can eat meat at any time.
You cover ground quickly.
You are covered in thick fur. (AC +2)
You have a slow metabolism.
Your sharp claws are effective at attacking unaware monsters.


Message History

Casting: Regeneration
Confirm with . or Enter, or press ? or * to list all spells.
Aiming: Ensorcelled Hibernation
Press: ? - help, Shift-Dir - straight line, f - two-headed ogre
Aim: a two-headed ogre, wielding a giant spiked club and a giant club (fast, umbra, chance to defeat MR: 43%)
The two-headed ogre resists with some effort.
Your shadow mimicks your spell!
The two-headed ogre easily resists.
Your skin is crawling a little less now.
The two-headed ogre misses you. The two-headed ogre barely misses you.
The two-headed ogre completely misses you. x2
Casting: Ensorcelled Hibernation
Confirm with . or Enter, or press ? or * to list all spells.
You don't have enough magic to cast that spell.
There is a stone staircase leading up here.
The ogre mage gestures at you while chanting.
You feel yourself slow down.
The two-headed ogre hits you with a giant spiked club!!
Ouch! That really hurt!
You die...

##.....######.......##
##§§
###....####.........###.§§
##..........O.....#.....
#...........##...O.O....
###.#........##.......#.
#.##........###.....#.
#####....#.## #....###
#...O...### #.....##.
#####...@.....# ##.....#.
##.#..........####........
#........#...........##...
#..#...###..........# #...
##......####.......#####..
#......###........#..#...
##......#................
#.##....................
####....................


You could see a two-headed ogre and an ogre mage.

Vanquished Creatures
  4 two-headed ogres
  Maurice (D:8)
  Psyche (D:10)
  2 trolls (D:10)
  A hippogriff (D:7)
  2 wyverns
  4 yaks (D:11)
  A hungry ghost (D:7)
  2 wargs (Orc:2)
  An acid dragon (D:11)
  2 porcupines (D:11)
  2 orc warriors
  2 sky beasts
  2 black bears
  An eye of draining (D:8)
  The ghost of hannobal the Sneak, an amateur GnAs (D:3)
  A phantom (D:6)
  3 ice beasts
  7 ogres
  2 centaurs
  A big kobold (D:11)
  Blork the orc (D:5)
  4 bullfrogs
  7 killer bees
  5 wights
  A howler monkey (D:7)
  6 crimson imps
  A bullfrog zombie (D:8)
  A quasit (D:9)
  A centaur zombie (D:7)
  7 orc priests
  A hound (D:9)
  Crazy Yiuf (D:5)
  2 jellies
  9 orc wizards
  Jessica (D:2)
  A bullfrog skeleton (D:4)
  Ijyb (D:3)
  5 iguanas
  4 worker ants
  A hound zombie (D:9)
  3 hound skeletons
  A worker ant zombie (D:10)
  A howler monkey skeleton (D:11)
  4 gnolls (D:11)
  14 adders
  An ooze (D:4)
  2 adder skeletons
  3 worms
  2 dart slugs
  8 leopard geckos
  30 orcs
  2 giant cockroaches
  9 goblins
  3 hobgoblins (D:1)
  15 kobolds
  A quokka (D:10)
  A ball python (D:3)
  9 bats
  6 frilled lizards
  8 rats
226 creatures vanquished.

Vanquished Creatures (collateral kills)
  Urug (D:10)
  An orc warrior (D:10)
  2 ogres (Orc:2)
  A killer bee (D:10)
  8 wights
  An orc priest (D:11)
  3 orcs
17 creatures vanquished.

Vanquished Creatures (others)
  7 dancing weapons
7 creatures vanquished.

Grand Total: 250 creatures vanquished

Notes
Turn   | Place    | Note
-------+----------+-------------------------------------------
     0 | D:1      | inc the Felid Enchanter began the quest for the Orb.
     0 | D:1      | Reached XP level 1. HP: 7/7 MP: 4/4
   585 | D:1      | Reached XP level 2. HP: 6/11 MP: 6/6
  1388 | D:2      | Noticed Sigmund
  1447 | D:2      | Learned a level 2 spell: Ensorcelled Hibernation
  1512 | D:2      | Reached XP level 3. HP: 14/14 MP: 4/7
  1517 | D:2      | Found a shadowy altar of Dithmenos.
  1615 | D:2      | Became a worshipper of Dithmenos the Shadowed
  1715 | D:2      | Reached skill level 1 in Ice Magic
  1872 | D:2      | Reached skill level 5 in Hexes
  1872 | D:2      | Reached XP level 4. HP: 18/18 MP: 8/8
  1908 | D:2      | Noticed Jessica
  2202 | D:3      | Noticed Ijyb
  2216 | D:3      | Killed Ijyb
  2688 | D:3      | Reached * piety under Dithmenos
  3031 | D:2      | Reached XP level 5. HP: 19/21 MP: 2/9
  3308 | D:2      | Killed Jessica
  3308 | D:2      | Reached skill level 5 in Stealth
  3385 | D:3      | Found an iron altar of Okawaru.
  3386 | D:3      | Found an ancient bone altar of Kikubaaqudgha.
  3430 | D:3      | Noticed hannobal's ghost (amateur GnAs)
  3446 | D:2      | Learned a level 3 spell: Confuse
  3466 | D:3      | Killed hannobal's ghost
  3466 | D:3      | Reached skill level 6 in Stealth
  3632 | D:3      | Gained mutation: You are covered in thick fur. (AC +2) [Felid growth]
  3632 | D:3      | Reached XP level 6. HP: 24/24 MP: 3/10
  3830 | D:3      | Found a burning altar of Makhleb.
  4235 | D:5      | Entered Level 5 of the Dungeon
  4320 | D:5      | Reached skill level 7 in Stealth
  4336 | D:5      | Found a staircase to the Ecumenical Temple.
  4352 | D:5      | Reached XP level 7. HP: 9/27 MP: 6/11
  4359 | Temple   | Entered the Ecumenical Temple
  4529 | D:5      | Noticed Blork the orc
  4549 | D:5      | Found a radiant altar of Vehumet.
  4799 | D:5      | Found a glowing silver altar of Zin.
  4842 | D:6      | Noticed zhorgal's ghost (novice SpEn)
  5455 | D:5      | Found Nevvux's General Store.
  5462 | D:5      | Killed Blork the orc
  5532 | D:5      | Reached skill level 8 in Stealth
  5612 | D:5      | Found a runed door.
  5616 | D:5      | Noticed Crazy Yiuf
  5620 | D:5      | Killed Crazy Yiuf
  5620 | D:5      | Reached ** piety under Dithmenos
  5913 | D:6      | Reached skill level 5 in Unarmed Combat
  6058 | D:6      | Reached skill level 9 in Stealth
  6058 | D:6      | Reached XP level 8. HP: 31/31 MP: 12/12
  7091 | D:6      | Reached skill level 10 in Stealth
  7143 | D:7      | Found a stormy altar of Qazlal.
  7258 | D:7      | Noticed a hippogriff
  7512 | D:7      | Reached skill level 11 in Stealth
  7517 | D:7      | Learned a level 3 spell: Regeneration
  7553 | D:7      | Reached skill level 1 in Charms
  7669 | D:7      | Reached skill level 1 in Necromancy
  7678 | D:6      | Slain by a killer bee
  7679 | D:6      | Reached XP level 7. HP: -3/27 MP: 1/11
  7709 | D:7      | Slain by a wight
  7710 | D:7      | Reached XP level 6. HP: -3/24 MP: 6/10
  7761 | D:7      | Reached XP level 7. HP: 27/27 MP: 11/11
  7893 | D:8      | Found a shattered altar of Ashenzari.
  7921 | D:8      | Found a bloodstained altar of Trog.
  8042 | D:8      | Noticed a wyvern
  8159 | D:8      | Killed a wyvern
  8339 | D:8      | Noticed Maurice
  8367 | D:8      | Killed Maurice
  8367 | D:8      | Reached XP level 8. HP: 8/31 MP: 1/14
  9220 | D:9      | Noticed a two-headed ogre
  9241 | D:9      | Killed a two-headed ogre
  9241 | D:9      | Reached XP level 9. HP: 34/34 MP: 9/15
  9307 | D:9      | Found a sparkling altar of Nemelex Xobeh.
  9349 | D:8      | Learned a level 3 spell: Tukima's Dance
  9818 | D:7      | Reached *** piety under Dithmenos
  9859 | D:7      | Found an opulent altar of Gozag.
 10514 | D:10     | Entered Level 10 of the Dungeon
 10514 | D:10     | Noticed Psyche
 10515 | D:10     | Killed Psyche
 10658 | D:10     | Noticed a troll
 10671 | D:10     | Killed a troll
 10703 | D:10     | Noticed a troll
 10709 | D:10     | Killed a troll
 10709 | D:10     | Reached XP level 10. HP: 37/37 MP: 16/16
 10800 | D:10     | Noticed a two-headed ogre
 11209 | D:10     | Reached skill level 10 in Hexes
 11272 | D:10     | Noticed Urug
 11305 | D:10     | Killed a two-headed ogre
 11438 | D:10     | Reached **** piety under Dithmenos
 11484 | D:10     | Killed Urug
 11484 | D:10     | Reached skill level 12 in Stealth
 11803 | D:11     | Reached skill level 13 in Stealth
 12217 | D:11     | Noticed a five-headed hydra
 12426 | D:11     | Found a portal to a secret trove of treasure.
 12561 | D:11     | Killed from afar by an orc wizard
 12562 | D:11     | Reached XP level 9. HP: -7/34 MP: 16/24
 12594 | D:11     | Reached XP level 10. HP: 23/37 MP: 7/16
 12738 | D:11     | Found a staircase to the Orcish Mines.
 12753 | Orc:1    | Entered Level 1 of the Orcish Mines
 12856 | Orc:2    | Entered Level 2 of the Orcish Mines
 12872 | Orc:2    | Reached skill level 14 in Stealth
 13034 | Orc:2    | Noticed a two-headed ogre
 13046 | Orc:2    | Noticed a two-headed ogre
 13047 | Orc:2    | Found Fuecuz's Antique Weapon Shoppe.
 13047 | Orc:2    | Found Cylikuorchy's General Store.
 13047 | Orc:2    | Found Ceagacao's Book Boutique.
 13047 | Orc:2    | Found Amoodol's Antique Weapon Emporium.
 13047 | Orc:2    | Noticed a two-headed ogre
 13047 | Orc:2    | Noticed a two-headed ogre
 13047 | Orc:2    | Noticed an ogre mage
 13047 | Orc:2    | Noticed an ogre mage
 13047 | Orc:2    | Noticed a two-headed ogre
 13047 | Orc:2    | Noticed a two-headed ogre
 13048 | Orc:2    | Noticed a two-headed ogre
 13048 | Orc:2    | Noticed a two-headed ogre
 13048 | Orc:2    | Noticed a two-headed ogre
 13048 | Orc:2    | Noticed an ogre mage
 13048 | Orc:2    | Noticed an ogre mage
 13048 | Orc:2    | Noticed a two-headed ogre
 13070 | Orc:2    | Killed a two-headed ogre
 13095 | Orc:2    | Killed a two-headed ogre
 13117 | Orc:2    | Slain by a two-headed ogre

Skill      XL: |  1  2  3  4  5  6  7  8  9 10 |
---------------+-------------------------------+-----
Unarmed Combat | 2 3 5 7 |  7.1
Ice Magic      | 1 2 3 |  3.4
Hexes          | 5 9 11 | 11.2
Stealth        | 6 7 9 11 14 | 14.9
Charms         | 2 4 1 |  4.3
Necromancy     | 3 1 |  3.4
Spellcasting   | 3 |  3.4
Dodging        | 7 9 |  9.5

Action                   |  1- 3 |  4- 6 |  7- 9 | 10-12 || total
-------------------------+-------+-------+-------+-------++-------
Melee: Unarmed           |    56 |   102 |   224 |   123 ||   505
       Bite              |     4 |     4 |    16 |     6 ||    30
       Punch             |       |       |     3 |     3 ||     6
 Cast: Corona            |     1 |       |       |       ||     1
       Ensorcelled Hiber |    10 |    49 |   123 |    40 ||   222
       Confuse           |       |     3 |    12 |     4 ||    19
       Regeneration      |       |       |     5 |    10 ||    15
       Tukima's Dance    |       |       |    14 |    28 ||    42
  Use: Scroll            |       |       |     8 |     1 ||     9
       Potion            |       |       |     1 |       ||     1
 Stab: Sleeping          |    20 |    48 |    82 |    38 ||   188
       Confused          |       |     3 |     5 |     1 ||     9
       Distracted        |       |       |     1 |       ||     1
  Eat: Chunk             |     5 |     5 |    28 |    16 ||    54
Armor: Skin              |     5 |     4 |     4 |     6 ||    19
Dodge: Dodged            |    44 |    87 |   190 |   172 ||   493
